 Dungeon Crawl Stone Soup version 0.29.1-12-g30fa7ad0bf (webtiles) character file.

Game seed: 2138953014288304922

736 KittyFluff the Covered (level 7, -2/66 HPs)
             Began as a Gargoyle Berserker on Jan 11, 2023.
             Was a Priest of Trog.
             Slain by a water moccasin (7 damage)
             ... on level 4 of the Dungeon.
             The game lasted 00:14:16 (4320 turns).

KittyFluff the Covered (Gargoyle Berserker)         Turns: 4320, Time: 00:14:17

Health: -2/66      AC:  8    Str: 21    XL:     7   Next: 74%
Magic:  7/7        EV: 12    Int:  7    God:    Trog [***...]
Gold:   222        SH:  0    Dex: 11    Spells: 6/6 levels left

rFire   . . .      SeeInvis .   i - +0 flail
rCold   . . .      Faith    .   (no shield)
rNeg    + . .      Spirit   .   t - +0 leather armour
rPois   ∞          Reflect  .   (no helmet)
rElec   +          Harm     .   (no cloak)
rCorr   .          Rampage  .   (no gloves)
Will    .....                   (no boots)
Stlth   ..........              (no amulet)
HPRegen 0.21/turn               (no ring)
MPRegen 0.10/turn               (no ring)

@: berserking, very quick
A: sickness immunity, AC +4, negative energy resistance 1, electricity
resistance, torment resistance 1, petrification resistance
a: Renounce Religion, Berserk, Trog's Hand


You were on level 4 of the Dungeon.
You worshipped Trog.
Trog was most pleased with you.
You visited 1 branch of the dungeon, and saw 4 of its levels.

You collected 222 gold pieces.

Inventory:

Hand Weapons
 a - a +0 mace
 c - a +0 sling
 i - a +0 flail (weapon)
Missiles
 e - 40 stones (quivered)
 q - 2 silver boomerangs
 r - 10 poisoned darts
Armour
 n - a +0 ring mail
 t - a +0 leather armour (worn)
Scrolls
 b - a scroll of enchant armour {unknown}
 f - 3 scrolls of fear {unknown}
 g - 3 scrolls of poison {unknown}
 h - 2 scrolls of enchant weapon {unknown}
 j - a scroll of butterflies {unknown}
 k - a scroll of teleportation {unknown}
 o - a scroll of magic mapping {unknown}
 s - 2 scrolls of blinking {unknown}
Potions
 d - 3 potions of curing
 l - a potion of lignification
 m - a potion of mutation
 p - 3 potions of ambrosia
 u - a potion of heal wounds {unknown}


   Skills:
 + Level 4.8 Fighting
 * Level 5.6 Maces & Flails
 * Level 5.7 Armour
 + Level 3.1 Dodging


You had 6 spell levels left.
You didn't know any spells.
Your spell library was empty.

Dungeon Overview and Level Annotations

Branches:
Dungeon (4/15)
 Temple: D:4-7

Altars:


Innate Abilities, Weirdness & Mutations

You are immune to sickness and miasma.
Your stone body is resilient. (AC +4)
You are immune to poison.
You resist negative energy. (rN+)
You are resistant to electric shocks. (rElec)
You are resistant to unholy torment.
You are immune to petrification.


Message History

The water moccasin is lightly wounded.
The water moccasin bites you.
You closely miss the water moccasin.
The water moccasin is lightly wounded.
The water moccasin bites you. x2
You barely miss the water moccasin.
The water moccasin is lightly wounded.
The water moccasin closely misses you.
You sock the water moccasin!
The water moccasin is heavily wounded.
The water moccasin closely misses you. The water moccasin bites you.
You closely miss the water moccasin.
The water moccasin is heavily wounded.
The water moccasin bites you.
* * * LOW HITPOINT WARNING * * *
The water moccasin bites you but does no damage.
You miss the water moccasin.
The water moccasin is heavily wounded.
The water moccasin closely misses you.
You barely miss the water moccasin.
The water moccasin is heavily wounded.
The water moccasin bites you but does no damage.
The water moccasin bites you.
* * * LOW HITPOINT WARNING * * *
You miss the water moccasin.
The water moccasin is heavily wounded.
The water moccasin bites you.
* * * LOW HITPOINT WARNING * * *
You barely miss the water moccasin.
The water moccasin is heavily wounded.
The water moccasin bites you!
* * * LOW HITPOINT WARNING * * *
The water moccasin closely misses you.
A red film seems to cover your vision as you go berserk!
You feel yourself moving faster!
You feel mighty!
The water moccasin bites you but does no damage.
You sock the water moccasin!
The water moccasin is severely wounded.
The water moccasin bites you!
You die...

.#.. .#. .... .>. .....
#.# ..... #.##
......#..
......#.########
...............#
....#...######.# .
#...S@...#.#
#...####.#.# #...# #.#
##..# #.# #..# #.#
##..#.####.# #.. ...#
...#.# ##.#...
######.####.#.#
...#....#.............#


You could see a water moccasin.

Vanquished Creatures
  Pikel (D:3)
  2 lemures (D:3)
  A necrophage (D:4)
  An orc priest (D:4)
  A hound (D:4)
  8 adders
  2 worms (D:2)
  2 dart slugs
  6 orcs
  3 ball pythons
  5 bats
  7 endoplasms
  3 giant cockroaches
  10 goblins
  6 hobgoblins
  3 jackals (D:1)
  3 kobolds
  4 quokkas
  3 frilled lizards
  8 rats
  A spectral hobgoblin (D:2)
80 creatures vanquished.

Notes
Turn   | Place    | Note
-------+----------+-------------------------------------------
     0 | D:1      | KittyFluff the Gargoyle Berserker began the quest for the
                  | Orb.
     0 | D:1      | Reached XP level 1. HP: 14/14 MP: 1/1
   239 | D:1      | Reached XP level 2. HP: 19/19 MP: 2/2
   508 | D:1      | Reached ** piety under Trog
   509 | D:1      | Reached XP level 3. HP: 18/23 MP: 3/3
  1207 | D:2      | Reached XP level 4. HP: 23/29 MP: 4/4
  1312 | D:2      | Found a faded altar of an unknown god.
  2077 | D:2      | Reached XP level 5. HP: 31/33 MP: 5/5
  3090 | D:3      | Reached *** piety under Trog
  3264 | D:4      | Noticed a lemure
  3264 | D:4      | Noticed a lemure
  3265 | D:4      | Noticed Pikel
  3265 | D:4      | Noticed a lemure
  3286 | D:3      | Killed a lemure
  3544 | D:3      | Killed a lemure
  3703 | D:4      | Noticed a lemure
  3717 | D:3      | Killed Pikel
  3718 | D:3      | Reached skill level 5 in Maces & Flails
  3718 | D:3      | Reached skill level 5 in Armour
  3718 | D:3      | Reached XP level 6. HP: 14/39 MP: 6/6
  3718 | D:3      | Reached XP level 7. HP: 16/44 MP: 7/7
  4320 | D:4      | Slain by a water moccasin

Illustrated notes

Levels and vault maps discovered:
D:1:      dpeg_arrival_circle_labyrinth_a, layout_loops_ring,
          minmay_misc_feat_more_columns, minmay_pentomino_v2
D:2:      minmay_chambers_of_twos, layout_loops_ring,
          dreamdust_ecumenical_altar_drowned_temple
D:3:      layout_basic
D:4:      layout_basic, minmay_misc_feat_tiny, uniq_pikel

Skill      XL: |  1  2  3  4  5 |
---------------+----------------+-----
Armour         | 3 5 |  5.7
Dodging        | 2 3 |  3.1
Maces & Flails | 4 5 |  5.6
Fighting       | 4 |  4.8

Action                   |  1- 3 |  4- 6 |  7- 9 || total
-------------------------+-------+-------+-------++-------
Melee: Mace              |    93 |    71 |       ||   164
       Punch             |       |     1 |     1 ||     2
       Flail             |       |    78 |    57 ||   135
Invok: Berserk           |       |     1 |     2 ||     3
  Use: Scroll            |       |     6 |       ||     6
 Stab: Sleeping          |       |     2 |       ||     2
Armor: Animal skin       |    47 |    43 |       ||    90
       Leather armour    |       |    18 |    19 ||    37
Dodge: Dodged            |    63 |   113 |    53 ||   229
